 Dungeon Crawl Stone Soup version 0.24-a0-586-g8e0e932a4c (webtiles) character file.

Game seed: 11140943095480400028, levelgen mode: deterministic

1992 Gargoyl the Skirmisher (level 9, -4/78 HPs)
             Began as a Centaur Abyssal Knight on Sept 8, 2019.
             Was a Priest of Lugonu.
             Slain by an ogre
             ... wielding a +0 giant spiked club
              (24 damage)
             ... on level 5 of the Dungeon.
             The game lasted 00:07:19 (5539 turns).

Gargoyl the Skirmisher (Centaur Abyssal Knight)     Turns: 5539, Time: 00:07:19

Health: -4/78      AC: 10    Str: 16    XL:     9   Next: 1%
Magic:  12/12      EV:  5    Int: 11    God:    Lugonu [***...]
Gold:   381        SH:  8    Dex: 11    Spells: 12/12 levels left

rFire    . . .     SeeInvis +   k - +1 war axe
rCold    . . .     Gourm    +   g - +0 shield
rNeg     . . .     Faith    .   d - +0 scale mail
rPois    .         Spirit   .   m - +1 helmet {SInv}
rElec    .         Reflect  .   (no cloak)
rCorr    .         Harm     .   i - +0 pair of gloves
MR       .....                  (no barding)
Stlth    ..........             h - amulet of the gourmand
HPRegen  0.23/turn              (no ring)
MPRegen  0.13/turn              (no ring)

@: very quick
A: large, hooves 3, deformed body, speed 2, tough skin 3
a: Depart the Abyss, Bend Space, Banish, Renounce Religion


You were on level 5 of the Dungeon.
You worshipped Lugonu.
Lugonu was most pleased with you.
You were very full.

You visited 1 branch of the dungeon, and saw 5 of its levels.
You visited the Abyss 1 time.

You collected 381 gold pieces.

Inventory:

Hand Weapons
 a - a +1 hand axe
 k - a +1 war axe (weapon)
Armour
 d - a +0 scale mail (worn)
 g - a +0 shield (worn)
 i - a +0 pair of gloves (worn)
 m - a +1 helmet of see invisible (worn)
Jewellery
 h - an amulet of the gourmand (around neck)
 p - the ring of Lady Luck {+Inv rF++ rN+ Str-5 Int+3}
   (You took it off a centaur on level 5 of the Dungeon)

   [ring of intelligence]

   It affects your strength (-5).
   It affects your intelligence (+3).
   It greatly protects you from fire.
   It protects you from negative energy.
   It lets you turn invisible.
Scrolls
 f - 6 scrolls of identify
 j - 2 scrolls of noise {unknown}
 l - 3 scrolls of teleportation
 n - a scroll of blinking {unknown}
 q - a scroll of amnesia
Potions
 b - a potion of lignification
 e - a potion of haste
 o - a potion of flight
Comestibles
 c - 9 rations


   Skills:
 + Level 6.5 Fighting
 + Level 5.9 Axes
 * Level 4.0 Armour
 + Level 1.6 Dodging
 * Level 1.9 Shields
 * Level 2.1 Spellcasting
 * Level 4.6 Invocations


You had 12 spell levels left.
You didn't know any spells.
Your spell library was empty.

Dungeon Overview and Level Annotations

Branches:
Dungeon (5/15)
 Temple: D:4-7

Altars:
Cheibriados
Ru
Vehumet
Wu Jian


Innate Abilities, Weirdness & Mutations

You have hooves in place of feet.
Armour fits poorly on your strangely shaped body.
You cover ground very quickly.
You have extremely tough skin. (AC +3)


Message History

Your experience leads to an increase in your attributes!
Increase (S)trength, (I)ntelligence, or (D)exterity?
You feel stronger.
Your scale mail prevents you from hitting the ogre.
The ogre is moderately wounded.
The ogre hits you with a +0 giant spiked club!
* * * LOW HITPOINT WARNING * * *
You hit the ogre. You kick the ogre, but do no damage.
The ogre is heavily wounded.
The ogre barely misses you.
You hit the ogre. You kick the ogre, but do no damage.
The ogre is severely wounded.
You block the ogre's attack.
You hit the ogre.
The ogre is almost dead.
The ogre barely misses you.
You hit the ogre.
The ogre is almost dead.
The ogre hits you with a +0 giant spiked club!!
You die...

.........# .........####
............ ......w....#
........#.# ##### #..Y.O.# #
#.... #......#.# #.###
###########.#.# #.#
........@OwY..# #.#
###########.##### #.###
#............# #.#..
#.######(##'## #.#..
#######............#####.#..
#####..................#.....#..
#.....####....###).....#.#####..
#..###.####.##.###......#.# ###
#........##.##.#........#.#


You could see an ice beast, an ogre and a worm.

Vanquished Creatures
  A glowing orange brain (Abyss:2)
  2 ice beasts (D:5)
  The ghost of Mithandil the Shield-Bearer, an amateur MiFi (D:3)
  An ogre (D:4)
  A phantom (D:4)
  2 centaurs (D:5)
  A bullfrog (D:3)
  3 crimson imps (D:5)
  A bullfrog zombie (D:5)
  3 hounds
  2 orc priests
  A jelly (D:5)
  An orc wizard (D:5)
  An iguana (D:4)
  4 worker ants
  A statue (D:5)
  9 adders
  11 gnolls
  An ooze (D:3)
  A dart slug (D:1)
  3 worms
  6 leopard geckos
  13 orcs
  A ball python (D:1)
  3 giant cockroaches
  4 goblins
  4 hobgoblins
  7 jackals
  2 quokkas
  6 bats
  8 frilled lizards
  A jackal skeleton (D:4)
  5 kobolds
  11 rats
122 creatures vanquished.

Vanquished Creatures (others)
  An orc wizard (D:5)
  3 starspawn tentacles (Abyss:4)
4 creatures vanquished.

Grand Total: 126 creatures vanquished

Notes
Turn   | Place    | Note
-------+----------+-------------------------------------------
     0 | Abyss:1  | Gargoyl the Centaur Abyssal Knight began the quest for the
                  | Orb.
     0 | Abyss:1  | Reached XP level 1. HP: 19/19 MP: 2/2
    64 | Abyss:1  | Found a corrupted altar of Lugonu.
   100 | Abyss:1  | Noticed a hell hog
   100 | Abyss:1  | Noticed a hell hog
   102 | Abyss:1  | Noticed a hell hog
   103 | Abyss:2  | Found a corrupted altar of Lugonu.
   199 | Abyss:2  | Noticed a glowing orange brain
   218 | Abyss:2  | Killed a glowing orange brain
   218 | Abyss:2  | Reached skill level 6 in Fighting
   218 | Abyss:2  | Reached XP level 2. HP: 30/30 MP: 2/4
   218 | Abyss:2  | Reached XP level 3. HP: 37/37 MP: 2/5
   218 | Abyss:2  | Reached XP level 4. HP: 44/44 MP: 2/6
   218 | Abyss:2  | Reached XP level 5. HP: 50/50 MP: 2/7
   218 | Abyss:2  | Reached XP level 6. HP: 57/57 MP: 2/8
   218 | Abyss:2  | Reached XP level 7. HP: 63/63 MP: 2/9
   284 | Abyss:3  | Noticed an orange demon
   325 | Abyss:4  | Noticed a tentacled starspawn
   339 | Abyss:4  | Noticed a thrashing horror
   340 | D:1      | Escaped the Abyss
   470 | D:1      | Reached * piety under Lugonu
  1311 | D:2      | Found an ornate altar of the Wu Jian Council.
  1528 | D:2      | Found a snail-covered altar of Cheibriados.
  1581 | D:2      | Reached ** piety under Lugonu
  1592 | D:2      | HP: 3/63 [gnoll/+0 spear (4)]
  2626 | D:3      | Reached skill level 1 in Dodging
  2860 | D:3      | Found a runed translucent door.
  2860 | D:3      | Noticed Mithandil's ghost (amateur MiFi)
  2886 | D:3      | Killed Mithandil's ghost
  2941 | D:3      | Found a sacrificial altar of Ru.
  3352 | D:4      | Reached *** piety under Lugonu
  3352 | D:4      | Reached XP level 8. HP: 67/70 MP: 10/10
  3566 | D:4      | Reached skill level 1 in Spellcasting
  3581 | D:4      | Reached skill level 1 in Shields
  3724 | D:4      | Reached skill level 5 in Axes
  4551 | D:5      | Entered Level 5 of the Dungeon
  4567 | D:5      | Found a radiant altar of Vehumet.
  5315 | D:5      | Identified the ring of Lady Luck {+Inv rF++ rN+ Str-5
                  | Int+3}
  5534 | D:5      | Reached XP level 9. HP: 31/78 MP: 12/12
  5539 | D:5      | Slain by an ogre

Levels and vault maps discovered:
D:1:      dpeg_arrival_signposts, layout_basic
D:2:      layout_rooms, lemuel_crystal_altar, overflow_temple_1_default,
          first_ration
D:3:      layout_loops_ring, hangedman_ru_absence, ebering_ghost_sewer_d
D:4:      layout_loops_corners
D:5:      layout_basic, general_overflow_altar, vehumet_statue

Skill      XL: |  1  2  3  4  5  6  7  8 |
---------------+-------------------------+-----
Fighting       | 6 |  6.5
Axes           | 3 4 5 |  5.9
Armour         | 2 3 4 |  4.0
Invocations    | 3 4 |  4.6
Dodging        | 1 |  1.6
Spellcasting   | 2 |  2.1
Shields        | 1 |  1.9

Action                   |  1- 3 |  4- 6 |  7- 9 || total
-------------------------+-------+-------+-------++-------
Melee: Hand axe          |    16 |       |   118 ||   134
       Kick              |     5 |       |    84 ||    89
       War axe           |       |       |   292 ||   292
Invok: Depart the Abyss  |       |       |     1 ||     1
  Use: Scroll            |     2 |       |     8 ||    10
       Potion            |     1 |       |     2 ||     3
  Eat: Chunk             |       |       |    19 ||    19
Armor: Scale mail        |       |       |   221 ||   221
       Skin              |       |       |     7 ||     7
Dodge: Dodged            |       |       |   107 ||   107
Block: Shield            |       |       |   145 ||   145

Table legend:
 A = Non-vault XP
 B = Vault XP
 C = Vault XP percentage of total XP
 D = Non-vault monster count
 E = Vault monster count
 F = Vault count percentage of total count
                 A         B        C        D         E       F
            +---------+---------+-------+---------+---------+-------
      Total |    2588 |     259 |   9.1 |     119 |       4 |   3.3
            +---------+---------+-------+---------+---------+-------
        D:1 |      34 |       0 |   0.0 |      21 |       0 |   0.0
        D:2 |     261 |       0 |   0.0 |      35 |       0 |   0.0
        D:3 |      93 |     227 |  70.9 |      22 |       3 |  12.0
        D:4 |     514 |       0 |   0.0 |      22 |       0 |   0.0
        D:5 |     918 |      32 |   3.4 |      18 |       1 |   5.3
    Abyss:2 |     768 |       0 |   0.0 |       1 |       0 |   0.0
            +---------+---------+-------+---------+---------+-------
